 Dungeon Crawl Stone Soup version 0.30-a0-218-gedb9141078 (webtiles) character file.

Game seed: 15229469298289373615

1193 PyroL the Trooper (level 8, -4/75 HPs)
             Began as an Armataur Warper on Oct 4, 2022.
             Slain by an ogre
             ... wielding a +0 giant club
              (29 damage)
             ... on level 6 of the Dungeon on Oct 5, 2022.
             The game lasted 00:11:09 (5640 turns).

PyroL the Trooper (Armataur Warper)                 Turns: 5640, Time: 00:11:10

Health: -4/75      AC: 11    Str: 17    XL:     8   Next: 20%
Magic:  10/10      EV:  9    Int: 16    God:
Gold:   237        SH:  0    Dex: 12    Spells: 5/10 levels left

rFire   + . .      SeeInvis .    w - +3 dagger
rCold   . . .      Faith    .    (no shield)
rNeg    + . .      Spirit   .    n - +1 robe "Wixaloss" {Int+3}
rPois   .          Reflect  .    (no helmet)
rElec   .          Harm     .    u - +0 cloak
rCorr   .          Roll     +    H - +4 pair of gloves of Koorph {Rampage Fly}
Will    .....                    (no barding)
Stlth   ++........               C - amulet of the acrobat
HPRegen 0.32/turn                r - ring of protection from fire
MPRegen 0.12/turn                z - ring of positive energy

@: flying
A: large, rugged brown scales 3, deformed body, armoured tail, roll, long
tongue, awkward tongue
a: no special abilities


You were on level 6 of the Dungeon.
You visited 1 branch of the dungeon, and saw 6 of its levels.

You collected 237 gold pieces.

Inventory:

Hand Weapons
 w - a +3 dagger (weapon)
Missiles
 d - 7 boomerangs of dispersal (quivered)
 h - 3 javelins
 A - 4 boomerangs
 F - 5 poisoned darts
Armour
 n - the +1 robe "Wixaloss" (worn) {Int+3}
   (You found it on level 3 of the Dungeon)

   Int:       It affects your intelligence (+3).
 u - a +0 cloak (worn)
 H - the +4 pair of gloves of Koorph (worn) {Rampage Fly}
   (You found it on level 5 of the Dungeon)

   Fly:       It grants you flight.
   Rampage:   It bestows one free step when moving towards enemies.
Jewellery
 g - an amulet of faith
 r - a ring of protection from fire (left hand)
 z - a ring of positive energy (right hand)
 C - an amulet of the acrobat (around neck)
 G - an amulet of magic regeneration
 K - a ring of protection from fire
Wands
 i - a wand of flame (29)
 J - a wand of iceblast (6)
Scrolls
 a - 2 scrolls of immolation {unknown}
 c - 2 scrolls of blinking
 e - 2 scrolls of noise
 f - a scroll of fear
 j - a scroll of fog {unknown}
 l - 4 scrolls of teleportation
 m - a scroll of vulnerability
 s - a scroll of amnesia {unknown}
 t - a scroll of enchant weapon {unknown}
 v - a scroll of brand weapon {unknown}
 y - 2 scrolls of identify
Potions
 b - a potion of haste
 k - 2 potions of lignification
 o - 4 potions of attraction
 p - 2 potions of degeneration {unknown}
 q - 3 potions of curing
 x - a potion of brilliance {unknown}
 B - 2 potions of mutation
 D - a potion of might {unknown}
 E - a potion of heal wounds {unknown}
 I - a potion of berserk rage


   Skills:
 * Level 6.4 Fighting
 - Level 4.2 Short Blades
 - Level 0.8 Throwing
 - Level 3.6 Armour
 - Level 1.3 Dodging
 - Level 3.3 Stealth
 - Level 1.7 Spellcasting
 - Level 4.6 Translocations


You had 5 spell levels left.
You knew the following spells:

 Your Spells              Type           Power      Damage    Failure   Level
a - Blink                 Tloc           32%        N/A       4%          2
b - Teleport Other        Tloc           16%        N/A       10%         3

Your spell library contained the following spells:

 Spells                   Type           Power      Damage    Failure   Level
 Lesser Beckoning         Tloc           32%        N/A       10%         3
 Vhi's Electric Charge    Tloc/Air       16%        N/A       26%         3
 Manifold Assault         Tloc           16%        N/A       32%         4
 Kindle Blastsparks       Fire/Tloc/Air  12%        2d11      34%         3
 Frozen Ramparts          Ice            2%         1d1       54%         3
 Iskenderun's Mystic Bla  Conj/Tloc      8%         2d4       63%         4
 Fulminant Prism          Conj/Hex       0%         3d6       91%         4
 Ice Form                 Ice/Tmut       1%         N/A       91%         4
 Summon Ice Beast         Ice/Summ       1%         N/A       91%         4
 Lee's Rapid Deconstruct  Erth           0%         3d5*      99%         5


Dungeon Overview and Level Annotations

Branches:
Dungeon (6/15)             Temple (0/1) D:5

Altars:
Trog


Innate Abilities, Weirdness & Mutations

You are completely covered in rugged brown scales. (AC +3, +7% HP)
Armour fits poorly on your strangely shaped body.
You have a long armoured tail.
You roll when moving toward enemies. (Rampage)
Your long tongue fully drains potion bottles. (2x potion effects)
Your tongue gives you trouble enunciating. (1.5x scroll delay)


Message History

No target in view!
You see here a +0 flail.
You reach down and open the door.
There is an open door here.
You now have 224 gold pieces (gained 10).
A jelly comes into view.
A jelly is nearby!
There is an open door here.
You roll towards the jelly!
You roll towards the jelly!
The jelly quivers.
You hit the jelly.
Your hands burn!
You tail-slap the jelly.
The jelly is heavily wounded.
You hit the jelly.
Your hands burn!
The jelly is almost dead.
The jelly hits you but does no damage.
You hit the jelly.
You kill the jelly!
No target in view!
You now have 237 gold pieces (gained 13).
An ogre comes into view. It is wielding a +0 giant club.
The ogre shouts!
You hear a shout! x2
The ogre barely misses you.
You hear a shout! x2
You hit the ogre.
The ogre is lightly wounded.
You closely miss the ogre.
The ogre is lightly wounded.
The ogre hits you with a +0 giant club!!
You hit the ogre but do no damage.
The ogre is lightly wounded.
You hit the ogre. You tail-slap the ogre.
The ogre is moderately wounded.
The ogre hits you with a +0 giant club!!
* * * LOW HITPOINT WARNING * * *
You hit the ogre.
The ogre is heavily wounded.
The ogre attacks as you move away!
The ogre hits you with a +0 giant club!!
You die...

# ## # #. .###.
##.####..'? ###
........# #..
#.#..#.### ###
#.#..@...# # ..
#.##.#O#.# # ...
#.#..#.# # #.#
###..#.#.# #
...#......#.###### #
#.#.#..#.#......# #
####...#..#.###....#
# .......#..#.#
#....# #
####...###.###....#
#


You could see an ogre.

Vanquished Creatures
  Sigmund (D:2)
  A sky beast (D:6)
  2 black bears
  A centaur (D:5)
  A gnoll sergeant (D:4)
  A necrophage (D:1)
  A scorpion (D:4)
  2 howler monkeys
  3 hounds
  2 jellies
  3 iguanas
  5 gnolls
  6 adders
  2 white imps
  4 dart slugs
  3 orcs
  4 endoplasms
  2 giant cockroaches (D:1)
  6 goblins
  10 hobgoblins
  3 jackals (D:4)
  3 quokkas
  6 ball pythons
  4 bats
  3 frilled lizards
  5 kobolds
  6 rats
90 creatures vanquished.

Notes
Turn   | Place    | Note
-------+----------+-------------------------------------------
     0 | D:1      | PyroL the Armataur Warper began the quest for the Orb.
     0 | D:1      | Reached XP level 1. HP: 18/18 MP: 3/3
   174 | D:1      | Reached XP level 2. HP: 18/25 MP: 4/4
   188 | D:1      | Learned a level 2 spell: Blink
   248 | D:1      | Reached skill level 1 in Stealth
   594 | D:1      | Upgraded the game from 0.30-a0-210-g01b79a254e to
                  | 0.30-a0-218-gedb9141078
   894 | D:2      | Reached XP level 3. HP: 31/31 MP: 5/5
   904 | D:2      | Noticed Sigmund
   956 | D:2      | Noticed a necrophage
   987 | D:1      | Killed a necrophage
   988 | D:1      | Reached XP level 4. HP: 16/38 MP: 6/6
  1515 | D:2      | Killed Sigmund
  1516 | D:2      | Reached XP level 5. HP: 43/43 MP: 7/7
  1516 | D:2      | Reached XP level 6. HP: 51/51 MP: 8/8
  1573 | D:3      | Identified the +1 robe "Wixaloss" {Int+3}
  1686 | D:3      | Learned a level 3 spell: Teleport Other
  2318 | D:3      | Reached skill level 2 in Fighting
  3203 | D:4      | Reached skill level 3 in Fighting
  3256 | D:4      | Reached XP level 7. HP: 44/60 MP: 9/9
  3427 | D:4      | Found a bloodstained altar of Trog.
  3520 | D:5      | Entered Level 5 of the Dungeon
  3911 | D:5      | Reached skill level 4 in Fighting
  4747 | D:5      | Identified the +4 pair of gloves of Koorph {Rampage Fly}
  4988 | D:5      | Found a staircase to the Ecumenical Temple.
  5092 | D:6      | Reached skill level 5 in Fighting
  5174 | D:6      | Reached XP level 8. HP: 52/74 MP: 10/10
  5323 | D:6      | Reached skill level 6 in Fighting
  5640 | D:6      | Slain by an ogre

Illustrated notes

Levels and vault maps discovered:
D:1:      minmay_arrival_up_and_down, layout_basic
D:2:      layout_basic, uniq_sigmund
D:3:      layout_basic
D:4:      layout_rooms, mainiacjoe_overflow_alcove_2
D:5:      layout_basic, minmay_temple_entry_from_below_b, minmay_misc_feat_rows,
          hangedman_minor_gate_pass
D:6:      layout_basic, kennysheep_little_box, pf_guarded_unrand_delatra

Skill      XL: |  1  2  3  4  5  6  7  8 |
---------------+-------------------------+-----
Short Blades   | 2 3 4 |  4.2
Stealth        | 1 2 3 |  3.3
Armour         | 2 3 |  3.6
Fighting       | 3 5 6 |  6.4
Translocations | 4 |  4.6
Throwing       | |  0.8
Dodging        | |  1.3
Spellcasting   | |  1.7

Action                   |  1- 3 |  4- 6 |  7- 9 || total
-------------------------+-------+-------+-------++-------
Melee: Short sword       |   108 |    72 |       ||   180
       Tailslap          |     9 |    18 |    28 ||    55
       Punch             |     1 |       |     4 ||     5
       Dagger            |       |    84 |   193 ||   277
 Cast: Blink             |       |       |     3 ||     3
  Use: Scroll            |       |     8 |     1 ||     9
       Potion            |       |     1 |     1 ||     2
 Stab: Sleeping          |     4 |     4 |     2 ||    10
Armor: Leather armour    |    19 |    21 |       ||    40
       Robe              |       |    24 |    74 ||    98
Dodge: Dodged            |    43 |    58 |    99 ||   200

Table legend: (Time is in decaauts)
 A = Elapsed time spent in this place.
 B = Non-inter-level travel time spent in this place.
 C = Inter-level travel time spent in this place.
 D = Time resting spent in this place.
 E = Time spent auto-exploring this place.
 F = Levels seen in this place.
 G = Mean time per level.
                   A        B        C        D        E       F      G
               +--------+--------+--------+--------+--------+-----+--------+
         Total |   5570 |   5419 |    151 |   1368 |   2990 |   6 |  928.3 |
       Dungeon |   5570 |   5419 |    151 |   1368 |   2990 |   6 |  928.3 |
               +--------+--------+--------+--------+--------+-----+--------+

Top non-repeatable levels by time:
     D:5: 1379 daAuts
     D:3: 1254 daAuts
     D:1: 977 daAuts
     D:4: 916 daAuts
     D:2: 574 daAuts
     D:6: 467 daAuts
